 Dungeon Crawl Stone Soup version 0.17-a0-1945-gfe993df (webtiles) character file.

83 Kusio the Cudgeler (level 4, -1/48 HPs)
             Began as an Ogre Berserker on Oct 1, 2015.
             Was a Believer of Trog.
             Slain by a gnoll
             ... wielding a +0 spear
              (8 damage)
             ... on level 2 of the Dungeon.
             The game lasted 00:01:41 (797 turns).

Kusio the Cudgeler (Ogre Berserker)                  Turns: 797, Time: 00:01:41

Health: -1/48      AC:  3    Str: 22    XL:     4   Next: 44%
Magic:  4/4        EV: 10    Int:  6    God:    Trog [**....]
Gold:   68         SH:  0    Dex: 10    Spells: 0 memorised, 3 levels left

rFire  . . .     SeeInvis .     a - +0 mace
rCold  . . .     Clarity  .     b - +0 animal skin
rNeg   . . .     SustAt   .     (no shield)
rPois  .         Gourm    .     (helmet restricted)
rElec  .         Spirit   .     (no cloak)
rCorr  .         Warding  .     (gloves unavailable)
rMut   .         Stasis   .     (boots unavailable)
MR     .....                    (no amulet)
Stlth  +.........               (no ring)
                                (no ring)

@: exhausted, slowed, very slow, not resistant to hostile enchantments, very
unstealthy
A: unfitting armour, tough skin 1
a: Burn Spellbooks, Berserk, Trog's Hand, Renounce Religion


You were on level 2 of the Dungeon.
You worshipped Trog.
Trog was pleased with you.
You were near starving.

You visited 1 branch of the dungeon, and saw 2 of its levels.

You collected 68 gold pieces.

Inventory:

Hand weapons
 a - a +0 mace (weapon)
Armour
 b - a +0 animal skin (worn)
Scrolls
 d - 2 scrolls of identify {unknown}
 f - a scroll of remove curse {unknown}
 l - 2 scrolls of fear {unknown}
Potions
 e - a potion of lignification {unknown}
 g - a potion of heal wounds {unknown}
 h - a potion of might {unknown}
 i - a potion of agility {unknown}
 j - a potion of curing {unknown}
 o - a potion of flight {unknown}
 p - a potion of brilliance {unknown}
Comestibles
 c - 2 bread rations
 k - 3 fruits
 m - a beef jerky
 n - a chunk of flesh


   Skills:
 - Level 4.0 Fighting
 + Level 6.8 Maces & Flails
 - Level 2.6 Dodging


You had 3 spell levels left.
You didn't know any spells.

Dungeon Overview and Level Annotations

Branches:
Dungeon (2/15)

Altars:


Innate Abilities, Weirdness & Mutations

You are too large for most types of armour.
You have tough skin (AC +1).


Message History

Unknown command.
Unknown command.
Unknown command.
Unknown command.
You hit the gnoll.
The gnoll is almost dead.
The gnoll barely misses you. x2
You closely miss the gnoll.
The gnoll is almost dead.
The gnoll closely misses you.
You hit the gnoll but do no damage.
The gnoll is almost dead.
The gnoll hits you with a spear.
* * * LOW HITPOINT WARNING * * *
The gnoll hits you with a spear.
* * * LOW HITPOINT WARNING * * *
You barely miss the gnoll.
The gnoll is almost dead.
The gnoll hits you with a spear!
You die...

..............+
..............###
.................
................
...#..........# ...#
........#...... ...... ...#
......g.†..## ...... .>.###
#... #.@....# ......
.....#.#... #......####.....
.....#..... .#..............
..........................#####
.........................##...#
....†......##............##...#
.........................#...##
...#####.................'...#
...#............[........#####


You could see a gnoll.

Vanquished Creatures
  Terence (D:2)
  2 gnolls (D:2)
  2 worms (D:2)
  3 giant cockroaches (D:2)
  3 hobgoblins
  A jackal (D:1)
  A quokka (D:2)
  7 bats
  A giant newt (D:2)
  6 goblins
  2 kobolds
  6 rats
35 creatures vanquished.

Notes
Turn   | Place    | Note
--------------------------------------------------------------
     0 | D:1      | Kusio the Ogre Berserker began the quest for the Orb.
     0 | D:1      | Reached XP level 1. HP: 24/24 MP: 1/1
   218 | D:1      | Reached XP level 2. HP: 26/32 MP: 2/2
   464 | D:1      | Reached skill level 5 in Maces & Flails
   605 | D:2      | Noticed Terence
   614 | D:2      | Killed Terence
   614 | D:2      | Acquired Trog's second power
   614 | D:2      | Reached skill level 6 in Maces & Flails
   614 | D:2      | Reached XP level 3. HP: 35/39 MP: 3/3
   743 | D:2      | Reached XP level 4. HP: 44/48 MP: 4/4
   797 | D:2      | Slain by a gnoll

Vault maps used:
D:1:      dpeg_arrival_more_subterranean_lakeside_camping,
          minmay_misc_feat_enclosed
D:2:      first_bread, grunt_ministairs_1, kennysheep_nondescript, uniq_terence

Action                   |  1- 3 |  4- 6 || total
-------------------------+-------+-------++-------
Melee: Mace              |    65 |    22 ||    87
Invok: Berserk           |     1 |     1 ||     2
